 Dungeon Crawl Stone Soup version 0.25.1-1-g288607f5aa (webtiles) character file.

Game seed: 4497269034733111316

42 Kold the Insei (level 3, -6/23 HPs)
             Began as an Octopode Transmuter on July 28, 2020.
             Mangled by Sigmund
             ... wielding a +0 scythe
              (16 damage)
             ... on level 2 of the Dungeon.
             The game lasted 00:02:31 (1438 turns).

Kold the Insei (Octopode Transmuter)                Turns: 1438, Time: 00:02:31

Health: -6/23      AC:  1    Str:  9    XL:     3   Next: 54%
Magic:  5/6        EV: 13    Int: 16    God:
Gold:   47         SH:  0    Dex: 12    Spells: 5/6 levels left

rFire    . . .     SeeInvis .     - Unarmed
rCold    . . .     Gourm    .   (no shield)
rNeg     . . .     Faith    .   (helmet restricted)
rPois    .         Spirit   .   (no amulet)
rElec    .         Reflect  .   (no ring)
rCorr    .         Harm     .   (no ring)
MR       .....                  (no ring)
Stlth    ++........             (no ring)
HPRegen  0.07/turn              (no ring)
MPRegen  0.10/turn              (no ring)
                                (no ring)
                                (no ring)

@: appendage, very slightly contaminated
A: almost no armour, stealthy swim, amphibious, 8 rings, constrict 8, tentacle
spike 3, camouflage 1, gelatinous body 1
a: End Transformation


You were on level 2 of the Dungeon.
You were not hungry.
One of your tentacles had a temporary spike.
You visited 1 branch of the dungeon, and saw 2 of its levels.

You collected 47 gold pieces.

Inventory:

Hand Weapons
 e - a +2 dagger of venom
Missiles
 a - 12 arrows
Jewellery
 f - an uncursed ring of ice
Scrolls
 d - a scroll of remove curse {unknown}
 g - 2 scrolls of teleportation {unknown}
 l - a scroll of enchant armour
 m - a scroll of fog {unknown}
 o - a scroll of random uselessness {unknown}
Potions
 b - a potion of brilliance {unknown}
 j - 4 potions of lignification {unknown}
 k - a potion of haste {unknown}
 n - a potion of flight {unknown}
 p - 2 potions of degeneration {unknown}
 q - a potion of might {unknown}
Comestibles
 c - a ration


   Skills:
 - Level 1.0 Fighting
 - Level 2.0 Dodging
 + Level 3.8 Unarmed Combat
 - Level 2.0 Spellcasting
 + Level 3.0 Transmutations


You had 5 spell levels left.
You knew the following spells:

 Your Spells              Type           Power        Failure   Level  Hunger
a - Beastly Appendage     Tmut           ##....       6%          1    #......

Your spell library contained the following spells:

 Spells                   Type           Power        Failure   Level  Hunger
 Sticks to Snakes         Tmut           ##......     9%          2    ###....
 Spider Form              Tmut/Pois      #.........   32%         3    ###....
 Ice Form                 Ice/Tmut       #.......     73%         4    #####..
 Blade Hands              Tmut           ##........   86%         5    ######.


Dungeon Overview and Level Annotations

Branches:
Dungeon (2/15)

Altars:

Annotations:
D:2 Sigmund


Innate Abilities, Weirdness & Mutations

You cannot wear most types of armour.
You are very stealthy in the water. (Stealth+)
You are amphibious.
You can wear up to eight rings at the same time.
You can use your tentacles to constrict eight enemies at once.
Your skin changes colour to match your surroundings (Stealth+).
Your rubbery body absorbs attacks. (AC +1, EV +1)
One of your tentacles bears a large vicious spike.


Message History

Sigmund flickers and vanishes!
Deactivating autopickup; reactivate with Ctrl-A.
As you read the scroll labeled NIUDIXZ NOOBLE, it crumbles to dust.
It is a scroll of identify.
l - a scroll of enchant armour You see here a black potion.
p - 2 black potions (gained 1)
You open the door. Something completely misses you. Something hits you!
There is an open door, spattered with blood here.
Casting: Beastly Appendage (safe; 6% risk of failure)
Confirm with . or Enter, or press ? or * to list all spells.
One of your tentacles grows a vicious spike.
A magic dart appears from out of thin air!
The magic dart hits you. Something hits you.
You barely miss something.
You pierce something.
Your squeeze misses something. Something hits you!
Ouch! That really hurt!
You die...

........#......##.# #..
........#......##.# #..
...............##.# #..
...............##.# #..
.##...........##.. #..
#.......##.###############
#.......##.# #.........#
###.....##.# #.........#
#.....{@.# #.........##
#.....#### #..........#
#.....# ##..........##
#.....# #.............
#.....# ##.............
####### #.....##'#.....
#.....##.#.#...
#....###.#.#... #....#
#.#.#.##


There were no monsters in sight!

Vanquished Creatures
  An adder (D:2)
  3 dart slugs (D:2)
  A giant cockroach (D:1)
  3 goblins (D:1)
  4 hobgoblins
  5 kobolds
  A quokka (D:2)
  A bat (D:1)
  4 frilled lizards
  3 rats
26 creatures vanquished.

Notes
Turn   | Place    | Note
-------+----------+-------------------------------------------
     0 | D:1      | Kold the Octopode Transmuter began the quest for the Orb.
     0 | D:1      | Reached XP level 1. HP: 13/13 MP: 3/3
   135 | D:1      | Reached XP level 2. HP: 14/18 MP: 5/5
   961 | D:2      | Reached XP level 3. HP: 21/23 MP: 6/6
  1422 | D:2      | Noticed Sigmund
  1438 | D:2      | Mangled by Sigmund

Illustrated notes

Levels and vault maps discovered:
D:1:      lightli_arrival_boilingwater, layout_basic,
          chequers_serial_rivers_room_a
D:2:      layout_basic, grunt_temple_overflow_open, fedhas_altar_4,
          uniq_sigmund, uniq_terence

Skill      XL: |  1  2  3 |
---------------+----------+-----
Transmutations | 3 |  3.0
Fighting       | |  1.0
Dodging        | |  2.0
Unarmed Combat | |  3.8
Spellcasting   | |  2.0

Action                   || total
-------------------------++-------
Melee: Unarmed           ||    55
       Constrict         ||    20
       Tentacles         ||     4
       Kick              ||     7
       Punch             ||     1
 Cast: Beastly Appendage ||     9
  Use: Scroll            ||     2
 Stab: Sleeping          ||     2
  Eat: Chunk             ||     2
Armor: Skin              ||     7
Dodge: Dodged            ||    44
